 Dungeon Crawl Stone Soup version 0.20-a0-1109-ge3cd172 (webtiles) character file.

114 Rrauwl the Grave Robber (level 4, -1/26 HPs)
             Began as a Tengu Necromancer on May 4, 2017.
             Slain by an ice beast (9 damage)
             ... on level 3 of the Dungeon.
             The game lasted 00:07:24 (2375 turns).

Rrauwl the Grave Robber (Tengu Necromancer)         Turns: 2375, Time: 00:07:24

Health: -1/26      AC:  4    Str:  9    XL:     4   Next: 98%
Magic:  2/8        EV: 12    Int: 16    God:
Gold:   107        SH:  0    Dex: 12    Spells: 6/7 levels left

rFire    . . .     SeeInvis .   j - +0 flail
rCold    . . .     Gourm    .   (no shield)
rNeg     . . .     Faith    .   a - +0 robe
rPois    +         Spirit   .   (helmet restricted)
rElec    .         Reflect  .   (no cloak)
rCorr    .         Harm     .   (no gloves)
MR       .....                  (boots unavailable)
Stlth    ++........             e - amulet of rage
Regen    0.1/turn               (no ring)
MPRegen  0.2/turn               (no ring)

@: no status effects
A: beak, talons 3, yellow scales 1, clumsy 1, frail 1, poison resistance
a: Evoke Berserk Rage


You were on level 3 of the Dungeon.
You were not hungry.

You visited 1 branch of the dungeon, and saw 3 of its levels.

You collected 107 gold pieces.

Inventory:

Hand Weapons
 j - a +0 flail (weapon)
Missiles
 f - 17 sling bullets
 g - 39 arrows
 i - 28 bolts
Armour
 a - a +0 robe (worn)
Jewellery
 e - an amulet of rage (around neck)
Scrolls
 l - a scroll of amnesia
 n - a scroll of remove curse
Books
 b - a book of Necromancy

   Spells                             Type                      Level
   a - Pain                           Necromancy                   1
   b - Animate Skeleton               Necromancy                   1
   c - Vampiric Draining              Necromancy                   3
   d - Regeneration                   Charms/Necromancy            3
   e - Animate Dead                   Necromancy                   4
   f - Control Undead                 Necromancy                   4
Comestibles
 c - 2 bread rations
 d - a meat ration


   Skills:
 + Level 4.0 Fighting
 - Level 2.1 Dodging
 - Level 2.0 Stealth
 - Level 2.0 Spellcasting
 - Level 4.3 Necromancy
 + Level 1.5 Evocations


You had 6 spell levels left.
You knew the following spells:

 Your Spells              Type           Power        Failure   Level  Hunger
a - Pain                  Necr           ###.         3%          1    #......


Dungeon Overview and Level Annotations

Branches:
Dungeon (3/15)

Altars:
Trog


Innate Abilities, Weirdness & Mutations

You have a beak for a mouth.
You have claws for feet.
You are partially covered in yellow scales. (AC +2)
You are clumsy. (Dex -2)
You are frail. (-10% HP)
Your system is resistant to poisons. (rPois)


Message History

Aim: a hound (heavily wounded, chance to defeat MR: 80%)
The hound writhes in agony!
The hound closely misses you.
You closely miss the hound. Your peck misses the hound.
The hound is severely wounded.
The hound closely misses you. The hound bites you.
You hit the hound. Your kick misses the hound.
The hound is almost dead.
The hound bites you. The hound bites you but does no damage.
You hit the hound.
You kill the hound!
Your Fighting skill increases to level 4!
A goblin comes into view. It is wielding a dagger.
Found a glowing short sword.
You aren't carrying any potions.
Okay, then.
Casting: Pain
Confirm with . or Enter, or press ? or * to list all spells.
Okay, then.
The ice beast hits you. The ice beast freezes you!
You die...

#...............
#...............
#...............
#####...........
#...........
#.......#...
#...........
#...........
#Y@.........
#...........
#...........
#..........g
#..........
#.......).
##########


You could see an ice beast.

Vanquished Creatures
  A hound (D:3)
  Natasha (D:3)
  An adder (D:2)
  An ooze (D:2)
  2 worms (D:2)
  A dart slug (D:2)
  A leopard gecko (D:2)
  4 bats
  4 giant cockroaches
  5 goblins
  3 hobgoblins
  8 kobolds
  A quokka (D:2)
  3 frilled lizards (D:2)
36 creatures vanquished.

Notes
Turn   | Place    | Note
-------+----------+-------------------------------------------
     0 | D:1      | Rrauwl the Tengu Necromancer began the quest for the Orb.
     0 | D:1      | Reached XP level 1. HP: 10/10 MP: 4/4
    81 | D:1      | Reached skill level 1 in Fighting
   250 | D:1      | Reached XP level 2. HP: 14/16 MP: 4/6
   931 | D:2      | Reached XP level 3. HP: 17/22 MP: 0/7
  1795 | D:2      | Gained mutation: Your system is resistant to poisons. (rPois) [potion of mutation]
  1795 | D:2      | Gained mutation: You are clumsy. (Dex -2) [potion of mutation]
  1795 | D:2      | Gained mutation: You are frail. (-10% HP) [potion of mutation]
  1795 | D:2      | Gained mutation: You are partially covered in yellow scales. (AC +2) [potion of mutation]
  1826 | D:2      | Found a bloodstained altar of Trog.
  2087 | D:2      | Reached XP level 4. HP: 24/25 MP: 6/8
  2329 | D:3      | Noticed Natasha
  2338 | D:3      | Killed Natasha
  2338 | D:3      | Reached skill level 1 in Evocations
  2351 | D:3      | Noticed an ice beast
  2375 | D:3      | Slain by an ice beast

Vault maps used:
D:1:      saegor_arrival_simple_a, minmay_strange_pillars, corner_web_ring,
          minmay_pentomino_s2
D:2:      bloody_trog, first_bread
D:3:      lemuel_doored_altar, grunt_ministairs_3, kennysheep_decorative_pillar,
          minmay_misc_feat_five, uniq_natasha

Skill      XL: |  1  2  3  4 |
---------------+-------------+-----
Fighting       | 1 2 3 4 |  4.0
Evocations     | 1 |  1.5
Dodging        | |  2.1
Stealth        | |  2.0
Spellcasting   | |  2.0
Necromancy     | |  4.3

Action                   |  1- 3 |  4- 6 || total
-------------------------+-------+-------++-------
Melee: Unarmed           |     4 |       ||     4
       Kick              |     1 |     2 ||     3
       Flail             |     2 |     8 ||    10
 Cast: Pain              |    72 |    17 ||    89
  Use: Scroll            |     4 |     2 ||     6
       Potion            |     3 |       ||     3
  Eat: Chunk             |     5 |     1 ||     6
Armor: Robe              |     1 |     5 ||     6
Dodge: Dodged            |    10 |     8 ||    18
